Map: Cyber Forest LE

Players

SortOf

  • Race: Zerg Zerg
  • League: Master
  • Spawn Location: 5:00

MarineLorD - Winner!

  • Race: Terran Terran
  • League: Grandmaster
  • Spawn Location: 11:00

Event: 2019 Assembly Summer

VOD

Have the link to the VOD?

Description

Time

  • Played on: Aug. 1, 2019, 11:55 a.m.
  • Length: 3:45

All games in this series

Show
View Real Time Build Order
Export as new Build Order

SortOf Zerg 

Build Orders: Hatch First 

Get SALT Encoding   

  12  0:00  Drone  
  13  0:12  Overlord  
  13  0:17  Drone  
  14  0:31  Drone x2  
  16  0:48  Drone  
  17  0:54  Hatchery, Drone  
  17  0:58  Drone  
  18  1:09  Extractor  
  17  1:13  Spawning Pool  
  17  1:17  Drone  
  17  1:21  Drone  
  18  1:30  Drone  
  19  1:38  Drone  
  20  1:49  Drone  
  20  1:50  Hatchery  
  20  2:05  Spine Crawler, Queen  
  21  2:10  Zergling x6  
  25  2:19  Metabolic Boost  
  25  2:21  Zergling x2  
  26  2:23  Zergling x2  
  26  2:29  Overlord  
  27  2:34  Zergling x2  
  27  2:47  Queen  
  27  2:49  Zergling x2  
  29  3:04  Zergling x4  
  31  3:09  Zergling x2  
  28  3:14  Zergling x6  
  28  3:18  Zergling x2  
Show
View Real Time Build Order
Export as new Build Order

MarineLorD Terran - Winner!

Build Orders:  

Get SALT Encoding   

  12  0:00  SCV  
  13  0:12  SCV  
  14  0:18  Supply Depot  
  14  0:24  SCV  
  15  0:40  Barracks  
  15  0:52  Barracks  
  15  1:05  Barracks  
  15  1:10  SCV  
  16  1:26  Marine  
  16  1:28  Orbital Command  
  17  1:38  Marine  
  18  1:44  Marine  
  19  1:50  Supply Depot  
  19  1:52  Marine  
  20  1:56  Marine  
  20  2:00  Bunker  
  21  2:02  Marine  
  22  2:09  SCV  
  22  2:11  Marine  
  24  2:20  Bunker  
  24  2:22  Marine x2  
  26  2:27  SCV  
  27  2:36  Marine  
  28  2:43  Refinery x2  
  28  2:45  Supply Depot, SCV  
  28  2:48  Marine  
  30  2:52  Marine  
  31  3:06  Marine x2  
  33  3:14  SCV  
  33  3:15  Marine  
  31  3:24  Marine x2  
Tags
 
Add a new tag
Caveats
  • Supply blocks, unpowered buildings, or Contaminate may cause inaccurate times.
  • Supply counts are checked every 10 seconds.